Map: Abyssal Reef LE

Players

Rogue - Winner!

  • Race: Zerg Zerg
  • Spawn Location: 11:00

TYTY (TY)

  • Race: Terran Terran
  • Spawn Location: 5:00

Event: 2017 WCS Global Finals

VOD

Have the link to the VOD?

Description

Time

  • Played on: Nov. 4, 2017, 5:08 p.m.
  • Length: 21:12

All games in this series

Show
View Real Time Build Order
Export as new Build Order

Rogue Zerg - Winner!

Build Orders: Pool First, Swarm Host 

Get SALT Encoding   

  12  0:00  Drone  
  13  0:12  Overlord  
  13  0:16  Drone  
  14  0:30  Drone x2  
  14  0:34  Drone  
  17  0:44  Extractor  
  17  0:45  Drone  
  17  0:49  Spawning Pool  
  16  0:55  Drone  
  17  1:07  Drone  
  18  1:18  Hatchery  
  18  1:22  Drone  
  18  1:36  Queen  
  18  1:37  Zergling x2  
  21  1:45  Metabolic Boost  
  21  1:51  Overlord  
  21  1:55  Drone  
  22  2:10  Drone  
  22  2:11  Queen, Drone  
  26  2:21  Drone  
  27  2:31  Queen  
  27  2:35  Drone x2  
  31  2:42  Overlord  
  31  2:44  Drone x2  
  33  2:45  Drone  
  33  2:49  Pneumatized Carapace  
  34  2:52  Drone  
  34  2:55  Drone  
  36  3:03  Drone  
  37  3:06  Drone  
  38  3:15  Hatchery  
  38  3:17  Drone  
  38  3:18  Drone x2  
  40  3:20  Drone  
  40  3:22  Drone  
  40  3:26  Overlord  
  42  3:28  Drone  
  42  3:30  Drone  
  44  3:34  Overlord  
  44  3:46  Queen, Roach Warren  
  45  3:51  Queen  
  47  3:55  Evolution Chamber, Drone  
  47  3:56  Drone  
  47  3:58  Drone  
  47  3:59  Drone  
  47  4:00  Drone  
  51  4:04  Zergling x4  
  51  4:09  Zergling x2  
  54  4:11  Overlord  
  54  4:12  Drone  
  54  4:13  Drone  
  56  4:19  Extractor  
  56  4:21  Extractor, Drone x4  
  56  4:23  Overlord  
  58  4:28  Drone x2  
  60  4:31  Lair  
  60  4:37  Overlord  
  60  4:40  Roach x2  
  60  4:43  Roach  
  60  4:44  Drone  
  60  4:45  Drone  
  68  4:48  Drone  
  68  4:51  Queen  
  71  4:55  Drone x2  
  71  4:58  Overlord  
  73  5:00  Drone  
  73  5:04  Overlord  
  73  5:05  Drone x2  
  76  5:14  Roach x3  
  76  5:16  Spore Crawler  
  76  5:17  Spore Crawler  
  76  5:19  Spore Crawler  
  79  5:22  Ravager x3  
  79  5:23  Drone x3  
  79  5:24  Drone  
  79  5:26  Extractor  
  79  5:27  Extractor  
  84  5:31  Overseer  
  84  5:33  Glial Reconstitution  
  84  5:36  Overlord  
  84  5:37  Zergling x2  
  84  5:38  Zergling x6  
  87  5:43  Overlord  
  87  5:46  Drone x4  
  89  5:54  Extractor, Drone x3  
  89  6:04  Spire  
  77  6:11  Drone x3  
  77  6:16  Drone  
  77  6:18  Drone  
  73  6:21  Drone  
  73  6:22  Drone  
  73  6:30  Drone x2  
  75  6:35  Drone x3  
  75  6:37  Drone  
  75  6:38  Drone  
  78  6:42  Drone x3  
  78  6:43  Drone  
  78  6:46  Drone  
  83  6:47  Drone  
  84  6:56  Drone  
  84  6:57  Drone  
  84  6:58  Drone x5  
  84  7:00  Drone x2  
  93  7:02  Drone  
  93  7:07  Drone  
  86  7:16  Overlord  
  84  7:23  Mutalisk x6  
  84  7:27  Overlord  
  84  7:28  Mutalisk  
  94  7:30  Overlord  
  94  7:39  Overlord  
  94  7:40  Infestation Pit  
  94  7:42  Hatchery  
  92  7:46  Overlord  
  92  7:49  Zerg Missile Weapons Level 1  
  92  7:51  Overlord  
  92  7:54  Roach x6  
  104  8:01  Overseer  
  104  8:08  Drone x2  
  104  8:09  Overlord x2  
  104  8:11  Drone  
  104  8:12  Evolution Chamber  
  106  8:15  Overlord  
  106  8:24  Overlord, Overseer  
  106  8:29  Swarm Host x6  
  106  8:31  Hydralisk Den  
  106  8:32  Drone x5  
  128  8:39  Swarm Host x2  
  134  8:43  Drone x2  
  134  8:44  Extractor, Drone x2  
  134  8:45  Extractor  
  137  8:48  Drone  
  137  8:52  Roach  
  137  8:53  Roach x3  
  146  8:55  Drone x2  
  146  8:57  Spore Crawler  
  146  9:01  Zerg Flyer Weapons Level 1  
  146  9:02  Zerg Melee Weapons Level 1  
  146  9:04  Drone  
  146  9:06  Baneling Nest  
  146  9:16  Zergling x2  
  146  9:17  Overlord x2, Zergling x12  
  149  9:32  Swarm Host x4  
  149  9:34  Overlord x3  
  159  9:41  Muscular Augments, Hatchery  
  158  9:50  Swarm Host x3  
  158  9:51  Swarm Host x2  
  173  9:54  Drone x4  
  173  9:57  Drone x3  
  180  10:02  Roach, Zerg Ground Armor Level 1  
  180  10:03  Roach x2  
  180  10:05  Zergling x4  
  188  10:08  Roach x2  
  188  10:10  Baneling  
  186  10:22  Zergling x4  
  180  10:29  Centrifical Hooks  
  180  10:31  Drone  
  180  10:32  Evolution Chamber, Drone x2  
  180  10:33  Hydralisk x4  
  180  10:34  Hydralisk x2  
  190  10:35  Hydralisk  
  190  10:37  Zergling x4  
  190  10:42  Hatchery  
  193  10:44  Zergling x14  
  200  11:00  Zerg Melee Weapons Level 2, Zerg Missile Weapons Level 2  
  194  11:06  Zergling x14  
  199  11:12  Baneling x2  
  199  11:13  Baneling x16  
  199  11:16  Zergling x2  
  199  11:18  Overseer x3  
  196  11:22  Zergling x8  
  196  11:24  Hive  
  199  11:36  Baneling x9  
  199  11:37  Baneling x7  
  189  12:01  Zergling x2  
  189  12:02  Zergling x20  
  189  12:05  Spore Crawler  
  189  12:06  Spore Crawler  
  189  12:08  Spine Crawler  
  189  12:09  Spine Crawler  
  185  12:16  Hydralisk  
  185  12:17  Hydralisk x6  
  194  12:38  Spine Crawler  
  194  12:42  Zergling x2  
  194  12:43  Zergling x14  
  197  13:01  Zergling x4  
  197  13:03  Baneling  
  197  13:04  Baneling x27  
  197  13:05  Baneling x3  
  151  13:27  Hydralisk x6  
  151  13:28  Zergling x34  
  151  13:30  Overlord x3  
  180  13:43  Overlord  
  180  13:44  Overlord x2  
  180  13:47  Overseer x3  
  180  13:48  Baneling  
  180  13:49  Baneling x15  
  180  13:50  Viper x3  
  180  13:52  Zergling x18  
  180  13:54  Hatchery  
  189  14:15  Corruptor x6  
  198  14:28  Hatchery  
  194  14:34  Zergling x12  
  194  14:35  Zergling x2  
  200  15:10  Baneling  
  200  15:11  Baneling x10  
  200  15:23  Hatchery  
  200  15:24  Zerg Missile Weapons Level 3  
  200  15:25  Zerg Ground Armor Level 2, Zerg Melee Weapons Level 3  
  198  15:38  Zergling x6  
  198  15:40  Baneling x4  
  198  15:41  Baneling x5  
  189  16:08  Corruptor x4  
  189  16:09  Zergling x20  
  189  16:10  Zergling x12  
  180  16:15  Corruptor x5  
  183  16:21  Zergling x10  
  183  16:24  Zergling x6  
  164  16:40  Corruptor x4  
  154  16:50  Corruptor x3  
  141  16:58  Hydralisk  
  141  17:00  Zergling x2  
  133  17:03  Drone  
  125  17:19  Drone x3  
  121  17:29  Drone  
  122  17:30  Drone  
  122  17:35  Drone  
  123  17:43  Drone  
  124  17:58  Zergling x2  
  120  18:06  Drone x5  
  120  18:07  Drone x3  
  126  18:23  Drone x4  
  130  18:32  Hydralisk x2  
  134  18:34  Hydralisk  
  134  18:38  Hydralisk  
  135  18:45  Hydralisk x2  
  137  18:52  Drone x2  
  137  18:53  Drone x2  
  137  19:01  Hydralisk x2  
  134  19:09  Zergling x8  
  136  19:14  Zergling x2  
  136  19:15  Zergling x4  
  133  19:18  Zergling x2  
  133  19:22  Zergling x4  
  130  19:26  Zergling x4  
  122  19:32  Zergling x4  
  122  19:33  Zergling x2  
  122  19:35  Zergling x2  
  120  19:53  Baneling x7  
  120  19:57  Baneling x7  
  116  20:10  Hydralisk x2  
  119  20:24  Hydralisk x3  
  122  20:32  Hydralisk x2  
  126  20:41  Hydralisk  
  128  20:48  Hydralisk x2  
Show
View Real Time Build Order
Export as new Build Order

TYTY Terran 

Build Orders: Command Center First (CC) 

Get SALT Encoding   

  12  0:00  SCV  
  13  0:12  SCV  
  14  0:17  Supply Depot  
  14  0:24  SCV  
  15  0:39  SCV  
  16  0:51  SCV  
  17  1:00  Command Center  
  17  1:03  SCV  
  18  1:14  Barracks  
  18  1:16  SCV  
  19  1:22  Refinery  
  19  1:28  SCV  
  19  1:31  Refinery  
  20  1:40  SCV  
  21  1:52  SCV  
  22  2:01  Reaper  
  22  2:05  Orbital Command  
  23  2:11  Orbital Command  
  23  2:20  Factory  
  23  2:29  Supply Depot  
  23  2:31  SCV  
  23  2:34  Barracks Reactor  
  24  2:37  SCV  
  24  2:43  SCV  
  26  2:49  SCV  
  27  2:55  SCV  
  28  3:01  SCV  
  29  3:06  Starport  
  29  3:07  Starport, SCV  
  30  3:13  Hellion x2  
  30  3:14  SCV  
  30  3:16  Barracks Tech Lab  
  35  3:20  Refinery, SCV  
  35  3:25  Supply Depot  
  35  3:26  SCV  
  37  3:33  SCV  
  38  3:35  Hellion  
  38  3:38  SCV  
  38  3:39  Hellion  
  43  3:45  SCV  
  43  3:46  Starport Tech Lab  
  44  3:49  Viking  
  44  3:50  SCV  
  44  3:53  Supply Depot  
  47  3:57  SCV  
  48  4:03  SCV  
  48  4:05  Hellion x2  
  48  4:06  Liberator x2  
  48  4:09  Supply Depot  
  55  4:24  SCV  
  59  4:27  Hellion  
  59  4:30  Supply Depot  
  63  4:31  Hellion  
  63  4:34  SCV, Armory  
  63  4:37  SCV  
  65  4:40  Supply Depot  
  65  4:46  SCV  
  65  4:49  Hellion  
  65  4:50  SCV  
  71  4:53  Hellion  
  71  4:56  Liberator x2  
  71  4:59  SCV  
  72  5:09  SCV  
  79  5:23  SCV x2  
  79  5:26  Supply Depot  
  81  5:30  Cyclone  
  84  5:35  Command Center  
  84  5:39  SCV  
  84  5:42  Cyclone  
  86  5:45  Refinery  
  86  5:52  SCV x2  
  88  6:03  Hellion  
  89  6:04  SCV  
  89  6:06  Command Center  
  89  6:07  SCV  
  87  6:14  Hellion  
  87  6:15  Banshee x2  
  87  6:16  SCV  
  82  6:21  SCV  
  74  6:26  Armory  
  74  6:28  SCV  
  74  6:30  Hellion  
  77  6:33  SCV  
  78  6:40  SCV  
  78  6:41  Hellion  
  78  6:43  Supply Depot  
  78  6:44  Factory  
  81  6:47  Factory  
  81  6:51  Hellion  
  80  6:59  SCV x2  
  84  7:02  Hellion  
  84  7:03  Command Center  
  84  7:07  Armory  
  86  7:08  Engineering Bay  
  86  7:09  Viking x2  
  86  7:12  Hellion  
  87  7:18  SCV  
  87  7:19  SCV  
  89  7:29  Factory Tech Lab  
  89  7:30  Factory Tech Lab  
  89  7:34  Refinery  
  91  7:38  Refinery  
  91  7:41  Orbital Command, SCV x2  
  93  7:52  Missile Turret  
  93  7:53  Command Center, Missile Turret  
  93  8:00  Thor  
  93  8:03  SCV x2  
  93  8:04  Terran Vehicle Weapons Level 1  
  97  8:07  SCV, Armory  
  97  8:10  Thor  
  104  8:15  SCV x2  
  104  8:18  Orbital Command  
  106  8:23  Orbital Command  
  106  8:24  Factory x2, SCV  
  107  8:29  Medivac x2  
  107  8:30  SCV x2  
  113  8:36  SCV  
  114  8:42  SCV x2  
  114  8:43  Siege Tank  
  114  8:45  Sensor Tower  
  114  8:46  Hellion x2  
  123  8:51  SCV x2  
  123  8:53  Siege Tank  
  126  8:56  Terran Vehicle And Ship Armor Level 1, SCV  
  126  8:57  SCV  
  128  9:06  SCV x2  
  128  9:07  Supply Depot  
  128  9:08  Factory Tech Lab x2  
  128  9:09  Hellion x2  
  133  9:10  SCV x2  
  133  9:12  Supply Depot  
  133  9:18  Siege Tank  
  133  9:22  Orbital Command  
  133  9:24  Refinery x2  
  135  9:25  Siege Tank  
  135  9:27  Siege Tank  
  135  9:30  Siege Tank  
  140  9:32  Command Center  
  140  9:34  SCV x2  
  142  9:39  Hellion  
  142  9:40  Hellion  
  142  9:41  SCV  
  147  9:45  Infernal Pre-Igniter  
  147  9:50  Siege Tank  
  146  9:57  Hellion  
  146  9:59  Hellion  
  150  10:02  Siege Tank  
  150  10:06  Supply Depot  
  153  10:07  Supply Depot x3  
  153  10:12  Supply Depot  
  153  10:13  Supply Depot  
  153  10:19  Supply Depot  
  153  10:20  Supply Depot  
  147  10:22  SCV  
  147  10:23  SCV  
  147  10:24  Terran Vehicle Weapons Level 2, SCV x2  
  147  10:27  Siege Tank  
  150  10:30  Liberator x2, Siege Tank x2  
  150  10:34  SCV  
  158  10:36  SCV x2  
  158  10:37  Siege Tank  
  158  10:39  Hellion x2  
  167  10:49  SCV x3  
  175  10:56  SCV x2  
  162  11:00  Hellion  
  162  11:01  Hellion, SCV  
  162  11:04  SCV x2  
  164  11:09  Siege Tank x2  
  168  11:13  Liberator, Terran Vehicle And Ship Armor Level 2  
  168  11:15  Orbital Command  
  168  11:18  Siege Tank  
  165  11:19  Hellion  
  165  11:22  Hellion x2  
  170  11:30  SCV x3  
  176  11:44  Hellion  
  176  11:45  SCV x2  
  176  11:46  SCV  
  176  11:50  Hellion x2  
  176  11:53  Liberator  
  169  11:56  Liberator  
  169  12:00  Siege Tank  
  172  12:03  Missile Turret  
  172  12:04  Hellion  
  172  12:05  Hellion  
  176  12:11  Factory  
  179  12:17  Hellion x3  
  179  12:18  SCV x2  
  184  12:25  Siege Tank  
  184  12:26  Siege Tank  
  184  12:27  Starport  
  184  12:29  Orbital Command  
  190  12:30  Orbital Command  
  190  12:32  SCV, Siege Tank  
  194  12:38  Hellion  
  194  12:39  Hellion x2  
  198  12:58  Hellion  
  200  13:02  Liberator x2  
  200  13:10  Terran Vehicle Weapons Level 3  
  198  13:18  Siege Tank  
  198  13:19  Hellion x2  
  184  13:21  Starport Reactor  
  184  13:24  Fusion Core, SCV x2  
  143  13:29  Cyclone  
  142  13:40  SCV x2  
  144  13:44  Cyclone x2  
  153  13:52  Terran Ship Weapons Level 1  
  153  14:00  Hellion  
  153  14:02  Hellion x2  
  152  14:03  Hellion, SCV x3  
  146  14:10  Liberator x3  
  146  14:12  Advanced Ballistics  
  146  14:16  Hellion  
  150  14:18  Sensor Tower, SCV x3  
  150  14:20  Refinery  
  150  14:21  Sensor Tower, Refinery  
  151  14:25  Hellion x2  
  151  14:30  Liberator  
  162  14:36  SCV x3  
  152  14:39  Hellion x2  
  153  14:51  Factory Reactor  
  156  14:53  Liberator  
  156  15:01  Liberator, Hellion x2  
  156  15:02  Liberator  
  156  15:04  Hellion  
  156  15:05  Cyclone  
  156  15:06  Command Center, Cyclone x2  
  169  15:12  Missile Turret  
  172  15:17  SCV x2  
  180  15:27  Hellion x2  
  184  15:30  Hellion  
  184  15:31  Hellion  
  184  15:33  Orbital Command  
  187  15:38  Liberator x2, Hellion x2  
  191  15:43  Command Center  
  191  15:46  Terran Vehicle And Ship Armor Level 3, Hellion  
  182  15:53  Liberator x2, Hellion  
  182  15:54  Hellion x3  
  152  16:15  Hellion  
  152  16:16  Hellion, SCV x2  
  154  16:19  Orbital Command  
  154  16:20  Liberator  
  154  16:21  Liberator  
  143  16:34  Hellion  
  143  16:35  Hellion, Cyclone x2  
  143  16:38  SCV x3  
  137  16:57  Orbital Command  
  137  17:01  Hellion x2  
  122  17:02  Hellion  
  122  17:03  Cyclone x2  
  122  17:08  Hellion x2  
  115  17:09  SCV x2  
  115  17:15  Orbital Command  
  115  17:22  Hellion  
  105  17:24  Hellion  
  105  17:28  Cyclone  
  105  17:29  Hellion, Cyclone  
  106  17:37  Missile Turret  
  103  17:52  Orbital Command  
  103  17:53  Hellion x2  
  103  17:56  Orbital Command  
  103  18:00  Hellion  
  103  18:01  Hellion x3  
  103  18:05  Hellion  
  87  18:15  Hellion x2  
  88  18:21  Hellion  
  88  18:23  Hellion  
  88  18:27  Hellion  
  93  18:34  Hellion x2  
  93  18:36  Hellion x2  
  97  18:42  Hellion  
  95  18:51  Hellion x2, SCV  
  89  19:00  Hellion x3  
  89  19:01  Hellion  
  83  19:07  Missile Turret, Hellion  
  83  19:08  SCV  
  84  19:12  Hellion  
  80  19:21  Command Center, Hellion  
  80  19:22  Hellion  
  80  19:31  Hellion x2  
  82  19:32  Hellion x2  
  82  19:33  Hellion  
  77  19:43  Hellion  
  79  19:46  Hellion  
  79  19:52  Hellion x2  
  85  19:53  Hellion  
  85  19:54  Missile Turret  
  85  19:57  Missile Turret  
  89  20:00  Hellion  
  84  20:07  Hellion  
  84  20:08  Orbital Command  
  80  20:38  Hellion x2  
  80  20:39  Hellion x2  
  86  20:46  Hellion x2  
  80  21:02  Missile Turret  
Tags
 
Add a new tag
Caveats
  • Supply blocks, unpowered buildings, or Contaminate may cause inaccurate times.
  • Supply counts are checked every 10 seconds.